General information
			
			
        
        - name: BNet
 
        - type: Ladder 1vs1/FFA
 
        - host: Battle.net
 
        - saver: orc]
 
        
map: TurtleRock 
        - players: 2
 
        - length: 07:25
 
        - speed: Fast
 - version: 1.22 W3XP
 - replay type:  Public
 
» download(25 KB)
Players
        team 1 (loser) 
              
              
orc] (
orange | 157 APM | 1166 actions | 07:25)
              
 2 Blademaster 
 1 Wind Walk
 1 Critical Strike
 
                » actions 
                
                | Assign group hotkey | 11 |  | 
| Basic commands | 7 |  | 
| Build / train | 21 |  | 
| ESC pressed | 3 |  | 
| Enter build submenu | 15 |  | 
| Enter hero's abilities submenu | 2 |  | 
| Right click | 582 |  | 
| Select / deselect | 122 |  | 
| Select group hotkey | 369 |  | 
| Use ability | 34 |  | 
                1166 total
 » units 
                » upgrades
                » buildings
                
                | Altar of Storms | 1 |  | 
| Orc Burrow | 7 |  | 
| Barracks | 1 |  | 
| Voodoo Lounge | 2 |  | 
| Stronghold | 1 |  | 
| Spirit Lodge | 1 |  | 
                13 total
 » build order
                00:09 Altar of Storms
00:19 Orc Burrow
00:34 Barracks
01:50 Voodoo Lounge
01:57 Orc Burrow
03:06 Orc Burrow
03:17 Stronghold
03:37 Orc Burrow
04:57 Voodoo Lounge
05:47 Orc Burrow
06:31 Orc Burrow
06:39 Orc Burrow
06:41 Spirit Lodge
» items
                
                | Healing Salve | 1 |  | 
| Lesser Clarity Potion | 2 |  | 
                3 total
  
               team 2 (winner) 
              
              
W)shMaster (
teal | 39 APM | 292 actions | 07:25)
              
 1 Demon Hunter 
 1 Mana Burn
 
                » actions 
                
                | Assign group hotkey | 3 |  | 
| Basic commands | 32 |  | 
| Build / train | 27 |  | 
| Enter build submenu | 10 |  | 
| Enter hero's abilities submenu | 1 |  | 
| Right click | 102 |  | 
| Select / deselect | 92 |  | 
| Use ability | 25 |  | 
                292 total
 » units 
                » buildings
                
                | Altar of Elders | 1 |  | 
| Moon Well | 4 |  | 
| Ancient of Wonders | 1 |  | 
| Ancient of War | 1 |  | 
| Tree of Ages | 1 |  | 
| Hunter's Hall | 1 |  | 
| Ancient of Lore | 1 |  | 
| Ancient of Wind | 1 |  | 
                11 total
 » build order
                00:17 Altar of Elders
00:31 Moon Well
01:12 Ancient of Wonders
01:23 Moon Well
02:00 Ancient of War
02:14 Moon Well
02:38 Moon Well
03:39 Tree of Ages
04:54 Hunter's Hall
06:23 Ancient of Lore
06:33 Ancient of Wind
» items
                
                | Dust of Appearance | 2 |  | 
| Boots of Speed | 1 |  | 
| Potion of Healing | 2 |  | 
| Lesser Clarity Potion | 1 |  | 
                6 total
  
                Chat log
          (00:13 / All) orc]: ggl
(06:15 / All) orc]: mega luck
(07:10 / All) orc]: omg nice mh
(07:24 / All) orc]: gl in beeing banned